 Dungeon Crawl Stone Soup version 0.32-a0-643-ga006e7742e (webtiles) character file.

Game seed: 7631223227712011879

186 Strat the Magician (level 5, -5/54 HPs)
             Began as an Oni Hedge Wizard on Mar 7, 2024.
             Slain by a black bear (6 damage)
             ... on level 3 of the Dungeon.
             The game lasted 00:05:38 (2558 turns).

Strat the Magician (Oni Hedge Wizard)               Turns: 2558, Time: 00:05:40

Health: -5/54      AC:  3    Str: 16    XL:     5   Next: 66%
Magic:  9/11       EV:  9    Int: 15    God:
Gold:   146        SH:  0    Dex:  8    Spells: 8/13 levels left

rFire   . . .        a - +2 whip (elec)
rCold   . . .        (no shield)
rNeg    . . .        e - +0 robe
rPois   .            c - +0 hat
rElec   .            (no cloak)
rCorr   .            (gloves unavailable)
SInv    .            (boots unavailable)
Will    .....        (no amulet)
Stlth   +            k - ring of wizardry
HPRegen 0.29/turn    (no ring)
MPRegen 0.12/turn

%: wizardry (x1)
@: on blink cooldown
A: large, unfitting armour, horns 1, tough skin 1, double potion healing,
drunken brawling
a: no special abilities


You were on level 3 of the Dungeon.
You visited 1 branch of the dungeon, and saw 3 of its levels.

You collected 146 gold pieces.

Inventory:

Hand Weapons
 a - a +2 whip of electrocution (weapon)
 b - a +0 sling
 f - a +0 dagger
Missiles
 l - a throwing net
 r - 6 boomerangs
 w - 2 poisoned darts
Armour
 c - a +0 hat (worn)
 e - a +0 robe (worn)
Jewellery
 k - a ring of wizardry (left hand)
 x - a ring of flight
Wands
 q - a wand of warping (7)
Scrolls
 g - 5 scrolls of identify {unknown}
 j - a scroll of brand weapon {unknown}
 m - a scroll of enchant weapon {unknown}
 n - a scroll of summoning {unknown}
 s - a scroll of amnesia {unknown}
 u - a scroll of enchant armour {unknown}
 v - a scroll of teleportation {unknown}
Potions
 h - 2 potions of brilliance {unknown}
 i - 2 potions of enlightenment {unknown}
 o - a potion of might {unknown}
 p - a potion of heal wounds {unknown}
 t - a potion of curing {unknown}


   Skills:
 * Level 4.1 Fighting
 * Level 3.1 Maces & Flails
 - Level 1.7 Dodging
 - Level 1.4 Stealth
 + Level 4.5 Spellcasting
 - Level 0.8 Conjurations
 - Level 0.8 Summonings
 - Level 0.8 Translocations


You had 8 spell levels left.
You knew the following spells:

 Your Spells              Type           Power      Damage    Failure   Level
a - Magic Dart            Conj           20%        1d4       4%          1
b - Blink                 Tloc           10%        N/A       8%          2
c - Call Imp              Summ           10%        N/A       8%          2

Your spell library contained the following spells:

 Spells                   Type           Power      Damage    Failure   Level
 Slow                     Hex            12%        N/A       7%          1
 Cigotuvi's Dreadful Rot  Necr/Alch/Air  6%         N/A       11%         2
 Mephitic Cloud           Conj/Alch/Air  4%         N/A       19%         3
 Summon Forest            Summ/Tloc      2%         N/A       77%         5
 Summon Mana Viper        Hex/Summ       4%         N/A       82%         5
 Summon Cactus Giant      Summ           2%         N/A       99%         6


Dungeon Overview and Level Annotations

Branches:
Dungeon (3/15)

Altars:
Zin


Innate Abilities, Weirdness & Mutations

You are too large for most types of armour.
You have a pair of small horns on your head.
You have tough skin. (AC +1)
You gain doubled healing and magic from potions.
Whenever you drink a healing potion, you attack all around you.


Message History

* * * LOW HITPOINT WARNING * * *
Casting: Call Imp (safe; 8% risk of failure)
Confirm with . or Enter, or press ? or * to list all spells.
A tiny devil pulls itself out of the air.
Your cerulean imp disappears in a puff of smoke!
The black bear closely misses you. The black bear claws you.
* * * LOW HITPOINT WARNING * * *
The black bear misses you.
Casting: Call Imp (safe; 8% risk of failure)
Confirm with . or Enter, or press ? or * to list all spells.
You blink.
The black bear bites your cerulean imp.
The black bear closely misses your cerulean imp.
The black bear claws your cerulean imp but does no damage.
The black bear misses your cerulean imp.
The black bear barely misses your cerulean imp.
The black bear claws your cerulean imp but does no damage.
Your cerulean imp completely misses the black bear.
Magic courses through your body.
The black bear misses your cerulean imp.
The black bear claws your cerulean imp. x2
Your cerulean imp dies!
Your cerulean imp disappears in a puff of smoke!
Casting: Blink (safe; 8% risk of failure)
Confirm with . or Enter, or press ? or * to list all spells.
You don't know that spell.
Casting: Blink (safe; 8% risk of failure)
Confirm with . or Enter, or press ? or * to list all spells.
A tiny devil pulls itself out of the air.
The black bear bites your cerulean imp.
The black bear closely misses your cerulean imp.
The black bear claws your cerulean imp.
Your cerulean imp hits the black bear but does no damage.
You barely miss the black bear.
The black bear is almost dead.
The black bear closely misses you. The black bear claws you.
* * * LOW HITPOINT WARNING * * *
The black bear claws you.
* * * LOW HITPOINT WARNING * * *
The black bear bites you.
You die...

#.#####.####
######...........
#................
###'###########....
#..รท..)..........<.
######.....########.####
#....#.....#............
#.##.#)h5..#.........###
#.#....@.#...........###
#.#..###.#.>............
#.#..#####(#######......
#.#..#.......# #......
#.#..#.#...#.#####......
#.#........#............
#.##.#.....#.######.....
#.##.#h##..#.......#'###
#.##.......#.......#.###


You could see a black bear (berserk, ally target) and a friendly cerulean imp
(summoned).

Vanquished Creatures
  An orc wizard (D:3)
  5 adders
  A gnoll (D:2)
  3 dart slugs
  5 orcs (D:3)
  5 ball pythons
  3 endoplasms (D:2)
  2 giant cockroaches (D:2)
  6 goblins
  5 hobgoblins
  5 jackals
  4 quokkas
  A bat (D:1)
  A frilled lizard (D:2)
  8 kobolds
  3 rats
58 creatures vanquished.

Vanquished Creatures (collateral kills)
  A bombardier beetle (D:3)
  A kobold (D:2)
  A rat (D:3)
3 creatures vanquished.

Grand Total: 61 creatures vanquished

Notes
Turn   | Place    | Note
-------+----------+-------------------------------------------
     0 | D:1      | Strat the Oni Hedge Wizard began the quest for the Orb.
     0 | D:1      | Reached XP level 1. HP: 16/16 MP: 5/5
   107 | D:1      | Reached skill level 1 in Fighting
   141 | D:1      | Reached XP level 2. HP: 27/27 MP: 6/6
   144 | D:1      | Learned a level 2 spell: Blink
   147 | D:1      | Learned a level 2 spell: Call Imp
   198 | D:1      | Reached skill level 1 in Maces & Flails
   534 | D:1      | Found a faded altar of an unknown god.
   904 | D:2      | Reached XP level 3. HP: 35/35 MP: 8/8
  1095 | D:2      | Reached XP level 4. HP: 40/44 MP: 7/10
  1846 | D:3      | Reached XP level 5. HP: 53/53 MP: 11/11
  1851 | D:3      | Noticed a black bear
  2142 | D:3      | Found a glowing silver altar of Zin.
  2558 | D:3      | HP: 1/54 [black bear (5)]
  2558 | D:3      | Slain by a black bear

Illustrated notes

Levels and vault maps discovered:
D:1:      tarquinn_simple_flora_water_c, layout_loops_cross,
          chequers_ecumenical_altar_grove, minmay_fountain_box
D:2:      layout_loops_ring, minmay_misc_feat_tiny, minmay_vboxes
D:3:      layout_basic, mainiacjoe_overflow_six_doors_small,
          minmay_fractal_squares_5

Skill      XL: |  1  2  3  4  5 |
---------------+----------------+-----
Fighting       | 1 2 3 4 |  4.1
Maces & Flails | 1 2 3 |  3.1
Spellcasting   | 4 |  4.5
Dodging        | |  1.7
Stealth        | |  1.4
Conjurations   | |  0.8
Summonings     | |  0.8
Translocations | |  0.8

Action                     |  1- 3 |  4- 6 || total
---------------------------+-------+-------++-------
  Melee: Whip              |    47 |    77 ||   124
         Headbutt          |     6 |     9 ||    15
   Fire: Sling             |    18 |     1 ||    19
   Cast: Magic Dart        |     7 |       ||     7
         Call Imp          |     5 |     7 ||    12
         Blink             |       |     1 ||     1
    Use: Potion            |       |     1 ||     1
   Stab: Sleeping          |     3 |       ||     3
 Armour: Robe              |    34 |    66 ||   100
  Dodge: Dodged            |    13 |    37 ||    50

Table legend: (Time is in decaauts)
 A = Elapsed time spent in this place.
 B = Non-inter-level travel time spent in this place.
 C = Inter-level travel time spent in this place.
 D = Time resting spent in this place.
 E = Time spent auto-exploring this place.
 F = Levels seen in this place.
 G = Mean time per level.
                   A        B        C        D        E       F      G
               +--------+--------+--------+--------+--------+-----+--------+
         Total |   2558 |   2476 |     82 |     26 |   1758 |   3 |  852.7 |
       Dungeon |   2558 |   2476 |     82 |     26 |   1758 |   3 |  852.7 |
               +--------+--------+--------+--------+--------+-----+--------+

Top non-repeatable levels by time:
     D:2: 1019 daAuts
     D:1: 776 daAuts
     D:3: 762 daAuts
